 Dungeon Crawl Stone Soup version 0.30.1 (webtiles) character file.

Game seed: 13438867290841005713

35 thefarm the Conjurer (level 3, 0/22 HPs)
             Began as a Gargoyle Reaver on July 6, 2023.
             Killed from afar by Sigmund (3 damage)
             ... with a magic dart
             ... on level 4 of the Dungeon.
             The game lasted 00:08:27 (1058 turns).

thefarm the Conjurer (Gargoyle Reaver)              Turns: 1058, Time: 00:08:27

Health: 0/22       AC:  6    Str: 17    XL:     3   Next: 33%
Magic:  6/6        EV: 11    Int: 13    God:
Gold:   39         SH:  0    Dex:  8    Spells: 5/6 levels left

rFire   . . .        a - +1 mace
rCold   . . .        (no shield)
rNeg    + . .        b - +0 leather armour
rPois   ∞            (no helmet)
rElec   +            (no cloak)
rCorr   .            (no gloves)
SInv    .            (no boots)
Will    .....        (no amulet)
Stlth   +            (no ring)
HPRegen 0.23/turn    (no ring)
MPRegen 0.10/turn

%: no passive effects
@: no status effects
A: sickness immunity, AC +3, negative energy resistance 1, electricity
resistance, torment resistance 1, petrification resistance
a: no special abilities


You were on level 4 of the Dungeon.
You visited 1 branch of the dungeon, and saw 3 of its levels.

You collected 39 gold pieces.

Inventory:

Hand Weapons
 a - a +1 mace (weapon)
Armour
 b - a +0 leather armour (worn)
Potions
 c - a potion of resistance
 d - a potion of heal wounds {unknown}
 h - a potion of attraction {unknown}


   Skills:
 + Level 2.3 Fighting
 + Level 3.5 Maces & Flails
 + Level 0.4 Armour
 + Level 1.7 Dodging
 + Level 2.2 Spellcasting
 + Level 3.6 Conjurations


You had 5 spell levels left.
You knew the following spells:

 Your Spells              Type           Power      Damage    Failure   Level
a - Kiss of Death         Conj/Necr      24%        2d7       14%         1

Your spell library contained the following spells:

 Spells                   Type           Power      Damage    Failure   Level
 Magic Dart               Conj           44%        1d5       6%          1
 Momentum Strike          Conj/Tloc      12%        3d8       22%         2
 Hailstorm                Conj/Ice       6%         3d4       38%         3
 Blink                    Tloc           2%         N/A       41%         2
 Call Imp                 Summ           2%         N/A       41%         2
 Lesser Beckoning         Tloc           2%         N/A       41%         2
 Mephitic Cloud           Conj/Pois/Air  4%         N/A       47%         3
 Gell's Gravitas          Tloc           1%         N/A       65%         3
 Teleport Other           Tloc           1%         N/A       65%         3
 Dispersal                Tloc           0%         N/A       100%        6


Dungeon Overview and Level Annotations

Branches:
Dungeon (4/15)
 Temple: D:4-7

Altars:

Shops:
D:1 (

Annotations:
D:4 Sigmund


Innate Abilities, Weirdness & Mutations

You are immune to sickness and miasma.
Your stone body is resilient. (AC +3)
You are immune to poison.
You resist negative energy. (rN+)
You are resistant to electric shocks. (rElec)
You are resistant to unholy torment.
You are immune to petrification.


Message History

There is a stone staircase leading up here.
You climb upwards.
There is a stone staircase leading down here.
As you read the scroll labelled JOLO CAOMAY, it crumbles to dust.
The scroll dissolves into smoke.
It was a scroll of fog.
As you read the scroll labelled CETOK HEMISAGG, it crumbles to dust.
It is a scroll of identify.
c - a potion of resistance
There is a stone staircase leading down here.
You climb downwards.
There is a stone staircase leading up here.
A sourceless malevolence fills the Dungeon...
You fall into a shaft and drop 2 floors!
The shaft crumbles and collapses.
Found a leather armour.
You see here a +0 leather armour.
You see here a +0 leather armour.
Found a stone staircase leading down.
Sigmund the Dreaded comes into view.
He is wielding a +0 scythe.
Sigmund shouts!
Sigmund points at you and mumbles some strange words.
You are confused.
You bump into the rock wall.
Sigmund barely misses you.
You see here 13 gold pieces.
You're too confused to cast spells.
Sigmund attacks as you move away! Sigmund hits you with a +0 scythe!
Sigmund screams, "Die, monster!"
Sigmund hits you but does no damage.
You feel less confused.
Sigmund flickers, as though insubstantial.
Sigmund mumbles some strange words.
Sigmund flickers and vanishes!
Deactivating autopickup; reactivate with Ctrl-A.
Something hits you.
A magic dart appears from out of thin air!
The magic dart hits you!
* * * LOW HITPOINT WARNING * * *
A magic dart appears from out of thin air!
The magic dart hits you.
You die...

#.# #########
#.# #..>....#
#.# #........
#.## #.......#
#..# #......##
##.# #.......#
#.# #........
###{###.......#
#.....@.....###
#.#.#..####.#
#.#.#..####.###
#.#...........#
#.###..#..#...#
#............##
########.....#
##.#### #.#####


There were no monsters in sight!

Vanquished Creatures
  A dart slug (D:1)
  2 ball pythons (D:1)
  5 bats (D:1)
  4 endoplasms (D:1)
  3 goblins (D:1)
  4 hobgoblins (D:1)
  A kobold (D:1)
  3 quokkas (D:1)
  2 frilled lizards (D:1)
  3 rats (D:1)
28 creatures vanquished.

Notes
Turn   | Place    | Note
-------+----------+-------------------------------------------
     0 | D:1      | thefarm the Gargoyle Reaver began the quest for the Orb.
     0 | D:1      | Reached XP level 1. HP: 12/12 MP: 3/3
   220 | D:1      | Reached XP level 2. HP: 17/17 MP: 5/5
   724 | D:1      | Reached XP level 3. HP: 22/22 MP: 6/6
   794 | D:1      | Found Maeph's Antique Weapon Shop.
   983 | D:2      | You fall into a shaft and drop 2 floors!
  1036 | D:4      | Noticed Sigmund
  1058 | D:4      | Killed from afar by Sigmund

Illustrated notes

Levels and vault maps discovered:
D:1:      spicycebolla_arrival_xxxplode, layout_basic, serial_shops, shop,
          minmay_3d_cube
D:2:      layout_loops_ring, dreamdust_ecumenical_altar_grove,
          minmay_rat_gold_closets
D:4:      layout_loops_cross, gammafunk_temple_overflow_forgotten,
          kennysheep_generic_room_9, uniq_sigmund

Action                     || total
---------------------------++-------
  Melee: Mace              ||    74
   Cast: Kiss of Death     ||     1
    Use: Scroll            ||     6
 Armour: Leather armour    ||    39
  Dodge: Dodged            ||    52
